 Dungeon Crawl Stone Soup version 0.18.1-1-g2f07953 (webtiles) character file.

19 Sixotanaka the Slasher (level 2, 0/24 HPs)
             Began as a Human Fighter on May 15, 2016.
             Slain by a worm (8 damage)
             ... on level 2 of the Dungeon.
             The game lasted 00:00:49 (461 turns).

Sixotanaka the Slasher (Human Fighter)               Turns: 461, Time: 00:00:50

Health: 0/24       AC:  6    Str: 16    XL:     2   Next: 95%
Magic:  2/2        EV:  6    Int:  8    God:
Gold:   43         SH:  8    Dex: 12    Spells: 0 memorised, 1 level left

rFire  . . .     SeeInvis .     a - +0 long sword
rCold  . . .     Gourm    .     b - +0 scale mail
rNeg   . . .     Faith    .     c - +0 shield
rPois  .         Spirit   .     (no helmet)
rElec  .         Dismiss  .     (no cloak)
rCorr  .         Reflect  .     (no gloves)
SustAt .         Harm     .     (no boots)
MR     .....                    (no amulet)
Stlth  ..........               (no ring)
                                (no ring)

@: not resistant to hostile enchantments, extremely unstealthy
A: no striking features
a: no special abilities


You were on level 2 of the Dungeon.
You were not hungry.

You visited 1 branch of the dungeon, and saw 2 of its levels.

You collected 43 gold pieces.


   Skills:
 - Level 3.0 Fighting
 + Level 3.2 Long Blades
 - Level 3.0 Armour
 - Level 3.0 Shields


You had one spell level left.
You didn't know any spells.

Dungeon Overview and Level Annotations

Branches:
Dungeon (2/15)

Altars:
Trog

Inventory:

Hand Weapons
 a - a +0 long sword (weapon)
Armour
 b - a +0 scale mail (worn)
 c - a +0 shield (worn)
Scrolls
 e - 2 scrolls of remove curse {unknown}
 j - a scroll of enchant armour {unknown}
 k - a scroll of recharging {unknown}
 l - 3 scrolls of magic mapping {unknown}
 m - a scroll of identify {unknown}
Potions
 d - a potion of might
 g - a potion of berserk rage {unknown}
 h - a potion of cure mutation {unknown}
Comestibles
 f - 2 bread rations
 i - a chunk of flesh

#######.... ..
......... ... ......#
#... #.....#.#
#...######## #.....#.#
#..........###.....#.#
...................#.#
#.......###.....#.###
#...@...# ####.......
#..w....# #....#..
..........## #.#..#..
..........# #.#..#..
.......[.$# #.##.#..
..........# #.##.#..
..........# #.##....
...#.###.## #.##....
#.......


You could see a worm.


Message History

A bat is nearby!
A bat is nearby!
The bat completely misses you. The bat hits you but does no damage.
You block the bat's attack.
You hit the bat.
You kill the bat!
Your Long Blades skill increases to level 3!
No target in view!
No target in view!
You now have 43 gold pieces (gained 10).
Found a stone staircase leading down.
Found a bloodstained altar of Trog.
A bat comes into view.
You block the bat's attack.
You slash the bat!
You kill the bat!
No target in view!
There is a stone staircase leading down here.
A dart slug comes into view.
A dart slug is nearby!
A dart slug is nearby!
A goblin comes into view.
You block the dart slug's attack.
You hit the dart slug.
The dart slug bites you but does no damage.
You hit the dart slug.
You kill the dart slug!
You hit the goblin. The goblin hits you.
You hit the goblin.
You kill the goblin!
No target in view!
A rat comes into view.
A rat is nearby!
A rat is nearby!
A rat is nearby!
Found 11 gold pieces and a ring mail.
You hit the rat but do no damage. The rat barely misses you.
You block the rat's attack.
You closely miss the rat. The rat bites you but does no damage.
You completely miss the rat. You block the rat's attack.
You slash the rat!
You kill the rat!
No target in view!
A worm comes into view.
A worm is nearby!
A worm is nearby!
You see here a rat corpse.
You butcher the rat corpse.
You see here a chunk of flesh.
A worm is nearby!
A worm is nearby!
Firing (i - inventory): No suitable missiles.
Aim: a worm
Okay, then.
i - a chunk of flesh The worm bites you.
You slash the worm! You hit the worm. The worm bites you but does no damage.
Your shield and scale mail prevent you from hitting the worm.
The worm bites you.
You hit the worm. The worm barely misses you.
You hit the worm. You block the worm's attack.
You hit the worm. You block the worm's attack.
Your shield and scale mail prevent you from hitting the worm.
Your scale mail prevents you from hitting the worm.
The worm bites you!
* * * LOW HITPOINT WARNING * * *
You hit the worm. The worm bites you but does no damage.
You completely miss the worm. The worm bites you!
You die...

Action                   || total
-------------------------++-------
Melee: Long sword        ||    50
Armor: Scale mail        ||    24
Dodge: Dodged            ||    14
Block: Shield            ||    24

Vault maps used:
D:1:      minmay_arrival_stone_box
D:2:      lemuel_crystal_altar

Notes
Turn   | Place    | Note
--------------------------------------------------------------
     0 | D:1      | Sixotanaka the Human Fighter began the quest for the Orb.
     0 | D:1      | Reached XP level 1. HP: 18/18 MP: 1/1
    80 | D:1      | Reached XP level 2. HP: 21/24 MP: 2/2
   393 | D:2      | Reached skill level 3 in Long Blades
   408 | D:2      | Found a bloodstained altar of Trog.
   461 | D:2      | Slain by a worm

Vanquished Creatures
  A dart slug (D:2)
  A giant cockroach (D:1)
  3 jackals (D:1)
  2 kobolds (D:1)
  4 bats
  3 goblins
  A rat (D:2)
15 creatures vanquished.
